 Dungeon Crawl Stone Soup version 0.27.0-1-g7a089689b8 (webtiles) character file.

Game seed: 1403958798064681764

170 eggzz the Sneak (level 5, -3/24 HPs)
             Began as a Vine Stalker Enchanter on Aug 6, 2021.
             Slain by a gnoll (5 damage)
             ... on level 3 of the Dungeon.
             The game lasted 00:12:58 (2294 turns).

eggzz the Sneak (Vine Stalker Enchanter)            Turns: 2294, Time: 00:12:58

Health: -3/24      AC:  5    Str: 11    XL:     5   Next: 51%
Magic:  0/10       EV: 12    Int: 16    God:
Gold:   67         SH:  0    Dex: 14    Spells: 0/9 levels left

rFire    . . .     SeeInvis .   h - +0 dagger (drain)
rCold    . . .     Faith    .   (no shield)
rNeg     . . .     Spirit   +   b - +0 robe
rPois    .         Reflect  .   m - +2 helmet
rElec    .         Harm     .   (no cloak)
rCorr    .         Rampage  .   (no gloves)
Will     .....                  (no boots)
Stlth    +++.......             (no amulet)
HPRegen  1.08/turn              (no ring)
MPRegen  0.12/turn              (no ring)

@: no status effects
A: fangs 2, regeneration 1, magic shield, antimagic bite, no potion heal 2
a: no special abilities


You were on level 3 of the Dungeon.
You visited 1 branch of the dungeon, and saw 4 of its levels.

You collected 67 gold pieces.

Inventory:

Hand Weapons
 a - a +1 dagger
 f - a +5 spear
 h - a +0 dagger of draining (weapon)
 j - a +0 rapier
Armour
 b - a +0 robe (worn)
 i - a +2 scale mail of fire resistance
 m - a +2 helmet (worn)
Scrolls
 c - a scroll of amnesia {unknown}
 d - a scroll of blinking {unknown}
 g - 2 scrolls of teleportation {unknown}
 l - 5 scrolls of identify {unknown}
 o - a scroll of fear {unknown}
 p - 3 scrolls of enchant weapon {unknown}
Potions
 e - a potion of heal wounds {unknown}
 k - a potion of brilliance {unknown}
 n - a potion of curing
 q - a potion of attraction {unknown}
 r - a potion of lignification {unknown}


   Skills:
 * Level 3.2 Short Blades
 - Level 1.5 Dodging
 + Level 4.8 Stealth
 + Level 2.9 Spellcasting
 + Level 3.5 Hexes


You couldn't memorise any spells.
You knew the following spells:

 Your Spells              Type           Power      Damage    Failure   Level
a - Ensorcelled Hibernat  Hex/Ice        16%        N/A       14%         2
b - Tukima's Dance        Hex            13%        N/A       13%         3
c - Dazzling Flash        Conj/Hex       16%        N/A       26%         3
g - Corona                Hex            14%        N/A       4%          1

Your spell library contained the following spells:

 Spells                   Type           Power      Damage    Failure   Level
 Confusing Touch          Hex            13%        N/A       13%         3
 Passage of Golubria      Tloc           N/A        N/A       88%         4
 Summon Lightning Spire   Summ/Air       2%         N/A       88%         4
 Yara's Violent Unravell  Hex/Tmut       4%         3d4       94%         5
 Storm Form               Tmut/Air       1%         N/A       100%        7
 Maxwell's Capacitive Co  Air            1%         ∞         100%        8


Dungeon Overview and Level Annotations

Branches:
Dungeon (4/15)
 Temple: D:4-7

Altars:

Shops:
D:4 *

Annotations:
D:3 Grinder


Innate Abilities, Weirdness & Mutations

You have extremely sharp teeth.
Your natural rate of healing is unusually fast.
When hurt, damage is shared between your health and your magic reserves.
Your bite disrupts and absorbs the magic of your enemies.
Potions cannot restore your health.


Message History

You hit the gnoll shaman but do no damage.
You bite the gnoll shaman. You drain its power.
You feel invigorated.
The gnoll shaman is severely wounded.
The gnoll shaman hits you with a +0 whip.
You barely miss the gnoll shaman.
You bite the gnoll shaman, but do no damage.
The gnoll shaman is severely wounded.
The gnoll shaman hits you with a +0 whip.
Unknown command.
Casting: Tukima's Dance (quite dangerous; 14% risk of failure)
Confirm with . or Enter, or press ? or * to list all spells.
Aiming: Ensorcelled Hibernation (safe; 14% risk of failure)
Press: ? - help, Shift-Dir - straight line, p - gnoll shaman
Okay, then.
Unknown command.
Casting: Ensorcelled Hibernation (safe; 14% risk of failure)
Confirm with . or Enter, or press ? or * to list all spells.
Aiming: Ensorcelled Hibernation (safe; 14% risk of failure)
Press: ? - help, Shift-Dir - straight line, f/p - gnoll shaman
Aim: a gnoll shaman, wielding a +0 whip and wearing a +0 leather armour (severely wounded, heavily drained, chance to affect: 50%)
The gnoll shaman looks drowsy...
The helpless gnoll shaman fails to defend itself.
You impale the gnoll shaman!!
You kill the gnoll shaman!
Things that are here:
a +0 whip; a +0 leather armour; a gnoll corpse You start resting.
HP restored.
A gnoll comes into view. It is wielding a +0 spear.
The gnoll shouts!
You are no longer glowing.
The gnoll drinks a potion.
The gnoll goes berserk!
The gnoll hits you with a +0 spear! x2
* * * LOW HITPOINT WARNING * * *
The gnoll hits you from afar with a +0 spear.
* * * LOW HITPOINT WARNING * * *
Okay, then.
It was a potion of curing.
That felt strangely inert.
The gnoll hits you from afar with a +0 spear.
You die...

#.........######
#)#####.########
#)# #.##......
####.#
##.##.#####
#>>..# #.....#
#....# #.###.#
#...## #.# #.#
##.## ##.###.#
#@# ##_..##.#
#.# #....##.#
#g# #....##.#
#.#
#.#####.#####
#)# #.#...# ....
#.#
#.#...#######
#.#
##.#..........
#.#
#.....>...####
#.# #.........#


You could see a gnoll (berserk).

Vanquished Creatures
  A water moccasin skeleton (D:3)
  A gnoll shaman (D:3)
  2 gnolls (D:3)
  A howler monkey skeleton (D:2)
  An adder (D:3)
  2 worms (D:2)
  A dart slug (D:2)
  A ball python (D:1)
  4 endoplasms
  2 giant cockroaches (D:1)
  7 goblins
  8 hobgoblins
  A jackal (D:1)
  2 quokkas (D:1)
  5 bats
  A frilled lizard (D:2)
  4 kobolds
  2 rats
46 creatures vanquished.

Vanquished Creatures (others)
  A dancing weapon (D:3)
  8 toadstools (D:4)
9 creatures vanquished.

Grand Total: 55 creatures vanquished

Notes
Turn   | Place    | Note
-------+----------+-------------------------------------------
     0 | D:1      | eggzz the Vine Stalker Enchanter began the quest for the
                  | Orb.
     0 | D:1      | Reached XP level 1. HP: 9/9 MP: 4/4
    18 | D:1      | Reached skill level 1 in Short Blades
   297 | D:1      | Reached XP level 2. HP: 8/13 MP: 4/6
   524 | D:1      | Learned a level 2 spell: Ensorcelled Hibernation
   583 | D:2      | Reached skill level 4 in Stealth
   827 | D:1      | Reached XP level 3. HP: 16/16 MP: 4/7
  1605 | D:2      | Learned a level 3 spell: Tukima's Dance
  1807 | D:3      | Gained mutation: Your natural rate of healing is unusually
                  | fast. [Vine Stalker growth]
  1807 | D:3      | Reached XP level 4. HP: 17/21 MP: 5/8
  1879 | D:3      | Found a faded altar of an unknown god.
  2086 | D:4      | Found Bujufioretz's General Store.
  2134 | D:3      | Reached XP level 5. HP: 18/24 MP: 7/10
  2167 | D:3      | Noticed Grinder
  2235 | D:3      | Learned a level 3 spell: Dazzling Flash
  2293 | D:3      | HP: 1/24 [gnoll (4)]
  2294 | D:3      | Slain by a gnoll

Illustrated notes

Levels and vault maps discovered:
D:1:      erik_arrival_cave_to_civilisation [erik_arrival_cave_to_hall],
          layout_basic
D:2:      layout_rooms
D:3:      layout_loops_ring, nicolae_wu_jian_wuxing_cycle,
          grunt_temple_overflow_open, basic_ecumenical_altar, uniq_grinder
D:4:      cheibrodos_fertilizer, layout_loops_corners, lemuel_round_altar,
          mainiacjoe_overflow_catwalk_spiral, temple_statues, serial_shops, shop

Skill      XL: |  1  2  3  4 |
---------------+-------------+-----
Short Blades   | 1 2 3 |  3.2
Stealth        | 4 |  4.8
Dodging        | |  1.5
Spellcasting   | |  2.9
Hexes          | |  3.5

Action                   |  1- 3 |  4- 6 || total
-------------------------+-------+-------++-------
Melee: Dagger            |    97 |    33 ||   130
       Bite              |    19 |    14 ||    33
       Spear             |       |    11 ||    11
 Cast: Corona            |     2 |       ||     2
       Ensorcelled Hiber |     8 |     5 ||    13
       Tukima's Dance    |       |     4 ||     4
  Use: Potion            |       |     1 ||     1
 Stab: Sleeping          |    12 |     5 ||    17
Armor: Robe              |    10 |     9 ||    19
Dodge: Dodged            |    48 |    19 ||    67
